 Dungeon Crawl Stone Soup version 0.29.1-2-gbd0b4ee654 (webtiles) character file.

Game seed: 16533328553947515355

8 mortz the Digger (level 2, 16/16 HPs)
             Began as a Kobold Earth Elementalist on Nov 23, 2022.
             Was a Follower of Trog.
             Quit the game on level 1 of the Dungeon.
             The game lasted 00:02:48 (513 turns).

mortz the Digger (Kobold Earth Elementalist)         Turns: 513, Time: 00:02:49

Health: 16/16      AC:  2    Str:  5    XL:     2   Next: 15%
Magic:  5/5        EV: 15    Int: 16    God:    Trog [*.....]
Gold:   17         SH:  0    Dex: 15    Spells: 4/5 levels left

rFire   . . .      SeeInvis .   a - +0 dagger
rCold   . . .      Faith    .   (no shield)
rNeg    . . .      Spirit   .   j - +0 robe
rPois   .          Reflect  .   (no helmet)
rElec   .          Harm     .   (no cloak)
rCorr   .          Rampage  .   (no gloves)
Will    .....                   (no boots)
Stlth   +++.......              (no amulet)
HPRegen 0.05/turn               (no ring)
MPRegen 0.09/turn               (no ring)

@: no status effects
A: small, no large weapons, nightstalker 3
a: Renounce Religion, Berserk


You were on level 1 of the Dungeon.
You worshipped Trog.
Trog was aware of your devotion.
You visited 1 branch of the dungeon, and saw 1 of its levels.

You collected 17 gold pieces.

Inventory:

Hand Weapons
 a - a +0 dagger (weapon)
 g - a +0 short sword
Armour
 h - a +0 ring mail
 j - a +0 robe (worn)
Scrolls
 e - a scroll of enchant armour {unknown}
Potions
 b - a potion of magic
 c - a potion of might {unknown}
 d - a potion of lignification {unknown}
 f - a potion of curing {unknown}
 i - a potion of heal wounds {unknown}


   Skills:
 + Level 0.5 Fighting
 - Level 2.4 Dodging
 - Level 2.7 Stealth
 - Level 2.3 Spellcasting
 - Level 1.0 Transmutations
 - Level 3.2 Earth Magic


You had 4 spell levels left.
You knew the following spells:

 Your Spells              Type           Power      Damage    Failure   Level
a - Sandblast             Erth           24%        2d8       5%          1

Your spell library contained the following spells:

 Spells                   Type           Power      Damage    Failure   Level
 Passwall                 Tmut/Erth      6%         N/A       12%         2
 Stone Arrow              Conj/Erth      14%        3d7       30%         3
 Petrify                  Tmut/Erth      8%         N/A       63%         4


Dungeon Overview and Level Annotations

Branches:
Dungeon (1/15) Zot: 5483

Altars:
Trog

Annotations:
D:1 1 transporter


Innate Abilities, Weirdness & Mutations

You are small and have problems with some larger weapons.
You are completely attuned to the shadows.


Message History

You open the door.
There is an open door here.
As you open the door, it creaks loudly!
There is an open door here.
There is an open door here.
Found a ring mail.
Found a ring mail.
You see here a +0 ring mail.
h - a +0 ring mail A giant cockroach comes into view.
The blast of sand hits the giant cockroach.
You kill the giant cockroach!
You have reached level 2!
i - a golden potion A goblin comes into view.
It is wielding a +0 dagger.
You miscast Sandblast.
You are very lightly contaminated with residual magic.
Nothing appears to happen.
You start resting.
Your magical contamination has completely faded away.
You start resting.
Magic restored.
The blast of sand hits the goblin!
You kill the goblin!
You see here a +0 dagger.
j - a +0 dagger (weapon)
Adjust (i)tems, (s)pells, or (a)bilities?
j - a +0 dagger (weapon)
Adjust to which letter? (? for menu, Esc to quit)
a - a +0 dagger (weapon);
j - a +0 robe (worn)
Unknown command.
Found a mace.
Found a faded altar of an unknown god.
You see here a +0 mace.
There is a dry fountain here.
There is a faded altar of an unknown god here.
You cannot tell which god this altar belongs to.
Convert to them anyway?
Trog accepts your prayer! Trog welcomes you!
You can now go berserk at will.
Okay, then.
Are you sure you want to abandon this character and quit the game? (Confirm with "yes".)

...............................
..#####.........................#
.................###..........#.#
.................# #..........#.#
.................# ####.......#^#
.....[...........######..........
#'#########...⌠...⌠....#####.....
#.# #............# #..... #+#
##.)⌠.@.⌠....# #..... ...
#.............######..#. ...
#........⌠....#.......#. ...
#....................... ###
###......†...........#.. #
............### ##
.....[......### .## ..
............†. .©##.. ....


There were no monsters in sight!

Vanquished Creatures
  A giant cockroach (D:1)
  A goblin (D:1)
  A kobold (D:1)
  A quokka (D:1)
  2 ball pythons (D:1)
  A bat (D:1)
  A rat (D:1)
8 creatures vanquished.

Notes
Turn   | Place    | Note
-------+----------+-------------------------------------------
     0 | D:1      | mortz the Kobold Earth Elementalist began the quest for the
                  | Orb.
     0 | D:1      | Reached XP level 1. HP: 10/10 MP: 3/3
   435 | D:1      | Reached XP level 2. HP: 16/16 MP: 3/5
   504 | D:1      | Found a faded altar of an unknown god.
   512 | D:1      | Prayed at the altar of an unknown god.
   512 | D:1      | Became a worshipper of Trog the Wrathful
   512 | D:1      | Reached * piety under Trog
   513 | D:1      | Quit the game

Illustrated notes

Levels and vault maps discovered:
D:1:      spicycebolla_arrival_risky_transporter, layout_basic,
          hellmonk_ecumenical_altar_run_dry

Action                   || total
-------------------------++-------
 Cast: Sandblast         ||    10
